 Dungeon Crawl Stone Soup version 0.18.1-5-g4a78601 (webtiles) character file.

56788 Hipnos the Eclecticist (level 14, -3/72 HPs)
             Began as a Deep Elf Wizard on May 9, 2016.
             Was a High Priest of Vehumet.
             Slain by a thrashing horror (12 damage)
             ... on level 3 of the Abyss on May 14, 2016.
             The game lasted 02:20:41 (26132 turns).

Hipnos the Eclecticist (Deep Elf Wizard)           Turns: 26132, Time: 02:20:42

Health: -3/72      AC: 10    Str:  7    XL:     14   Next: 43%
Magic:  2/39       EV: 15    Int: 35    God:    Vehumet [*****.]
Gold:   1379       SH:  0    Dex: 11    Spells: 11 memorised, 16 levels left

rFire  + . .     SeeInvis .     m - +0 glaive of Sulphur {freeze, +Blink MR+ Int+3}
rCold  x . .     Gourm    .     U - +0 robe of the Solstice {Str+3} (curse)
rNeg   . . .     Faith    .     (shield currently unavailable)
rPois  .         Spirit   .     b - +2 hat
rElec  .         Dismiss  +     c - +2 cloak
rCorr  .         Reflect  .     C - +2 pair of gloves
SustAt .         Harm     .     (no boots)
MR     ++...     Rnd*Rage +     M - amulet of dismissal
Stlth  ++........               A - ring of fire
                                f - +3 ring of intelligence

@: very slightly contaminated, hasted, very quick, very resistant to hostile
enchantments, unstealthy
A: agile 1, berserk 2, blurry vision 2, clumsy 2, MP-powered wands
a: Renounce Religion, Evoke Blink


You were on level 3 of the Abyss.
You worshipped Vehumet.
Vehumet was extremely pleased with you.
You were very hungry.

You visited 2 branches of the dungeon, and saw 18 of its levels.
You visited the Abyss 1 time.

You collected 1379 gold pieces.

Inventory:

Hand Weapons
 m - the +0 glaive of Sulphur (weapon) {freeze, +Blink MR+ Int+3}
   (You found it on level 3 of the Lair of Beasts)

   It has been specially enchanted to freeze those struck by it, causing extra
   injury to most foes and up to half again as much damage against particularly
   susceptible opponents.
   It can also slow down cold-blooded creatures.
   It affects your intelligence (+3).
   It affects your resistance to hostile enchantments.
   It lets you blink.
 L - the +6 trident of a labyrinth {distort, rPois Dex-3 Stlth+}
   (You found it on level 6 of the Lair of Beasts)

   It warps and distorts space around it.
   Unwielding it can cause banishment or high damage.
   It affects your dexterity (-3).
   It protects you from poison.
   It makes you more stealthy.
Armour
 b - a +2 hat (worn)
 c - a +2 cloak (worn)
 C - a +2 pair of gloves (worn)
 U - the cursed +0 robe of the Solstice (worn) {Str+3}
   (You found it on level 8 of the Lair of Beasts)

   It affects your strength (+3).
   It has a curse placed upon it.
Rods
 a - a +2 rod of shadows (11/11)
   (You found it on level 8 of the Lair of Beasts)
Jewellery
 f - a +3 ring of intelligence (left hand)
 x - a +4 ring of evasion
 A - a ring of fire (right hand)
 M - an amulet of dismissal (around neck)
 T - a +3 ring of protection
 X - a +3 ring of dexterity
 Y - an uncursed ring of poison resistance
Wands
 j - a wand of enslavement (7/24)
 r - a wand of acid (4/15)
 D - a wand of digging (6/24)
 E - a wand of teleportation (3/9)
 H - a wand of lightning (7/15)
Scrolls
 g - a scroll of holy word {unknown}
 l - 7 scrolls of recharging
 p - 5 scrolls of magic mapping
 v - 2 scrolls of enchant weapon
 y - 2 scrolls of amnesia
 O - a scroll of fear
 Q - 4 scrolls of vulnerability
 R - a scroll of silence
Potions
 i - a potion of magic
 k - 4 potions of brilliance
 o - 4 potions of flight
 w - a potion of cure mutation {unknown}
 F - 4 potions of curing
 G - a potion of mutation {unknown}
 N - 2 potions of might {unknown}
 V - a potion of ambrosia
 W - a potion of cancellation
Books
 e - an Akashic Record

   Spells                             Type                      Level
   a - Dispersal                      Translocation                6
   b - Malign Gateway                 Summoning/Translocation      7
   c - Disjunction                    Translocation                8
   d - Controlled Blink               Translocation                8
 B - a book of Unlife

   Spells                             Type                      Level
   a - Recall                         Summoning/Translocation      3
   b - Animate Dead                   Necromancy                   4
   c - Control Undead                 Necromancy                   4
   d - Cigotuvi's Embrace             Necromancy                   5
   e - Death Channel                  Necromancy                   6
   f - Simulacrum                     Ice/Necromancy               6
 K - a book of Death

   Spells                             Type                      Level
   a - Corpse Rot                     Necromancy                   2
   b - Sublimation of Blood           Necromancy                   2
   c - Agony                          Necromancy                   5
   d - Dispel Undead                  Necromancy                   5
   e - Excruciating Wounds            Charms/Necromancy            5
   f - Bolt of Draining               Conjuration/Necromancy       5
 Z - a book of Burglary

   Spells                             Type                      Level
   a - Swiftness                      Charms/Air                   2
   b - Passwall                       Transmutation/Earth          2
   c - Passage of Golubria            Translocation                4
   d - Lee's Rapid Deconstruction     Earth                        5
   e - Darkness                       Hexes                        6
   f - Invisibility                   Hexes                        6
Miscellaneous
 q - a disc of storms
 t - a crystal ball of energy
Comestibles
 d - 8 bread rations
 n - 2 slices of pizza
 u - 12 royal jellies
 I - 24 fruits
 J - 6 beef jerkies
 S - 6 meat rations


   Skills:
 * Level 2.7 Fighting
 + Level 8.2 Dodging
 - Level 2.4 Stealth
 + Level 19.5 Spellcasting
 * Level 18.8 Conjurations
 - Level 1.1 Summonings
 - Level 1.0 Necromancy
 - Level 1.1 Translocations
 - Level 0.4 Ice Magic


You had 16 spell levels left.
You knew the following spells:

 Your Spells              Type           Power        Failure   Level  Hunger
a - Magic Dart            Conj           ####         0%          1    None
b - Blink                 Tloc           N/A          1%          2    None
c - Call Imp              Summ           #####...     1%          2    None
d - Conjure Flame         Conj/Fire      ########     1%          3    None
e - Mephitic Cloud        Conj/Pois/Air  ######..     1%          3    None
f - Sting                 Conj/Pois      ####         1%          1    None
g - Bolt of Draining      Conj/Necr      #######...   1%          5    None
h - Sublimation of Blood  Necr           #####.....   1%          2    None
i - Bolt of Magma         Conj/Fire/Erth #######...   1%          5    None
j - Freezing Cloud        Conj/Ice/Air   #####.....   3%          6    None
k - Poisonous Cloud       Conj/Pois/Air  ######....   3%          6    None


Dungeon Overview and Level Annotations

Branches:
Dungeon (10/15)            Temple (0/1) D:7            Lair (8/8) D:9
  Swamp (0/4) Lair:5       Spider (0/4) Lair:3        Slime (0/6) Lair:7
    Orc: D:9-12

Altars:
Ashenzari
Cheibriados
Dithmenos
Elyvilon
Fedhas
Gozag
Kikubaaqudgha
Nemelex Xobeh
Qazlal
Sif Muna
Trog
Vehumet
Yredelemnul
The Shining One
Jiyva


Innate Abilities, Weirdness & Mutations

You are agile. (Dex +2)
[You often lose your temper in combat.]
[Scrolls take you longer to read.]
[You are very clumsy. (Dex -4)]
[You expend magic power (3 MP) to strengthen your wands.]


Message History

Okay, then.
Drink which item? (? for menu, Esc to quit)
You feel much better.
The thrashing horror roars!
You hear a roar!
The thrashing horror tramples you.
You hold your ground!
The thrashing horror completely misses you.
The thrashing horror tramples you!
* * * LOW HITPOINT WARNING * * *
You hold your ground!
The thrashing horror barely misses you. The thrashing horror barely misses you.
The thrashing horror closely misses you.
A tentacled starspawn comes into view.
A large abomination comes into view.
The thrashing horror tramples you!
* * * LOW HITPOINT WARNING * * *
You hold your ground!
The thrashing horror misses you.
An iron imp and a thrashing horror come into view.
The iron imp shouts!
The thrashing horror tramples you!
You die...

####...## .....
#......
.#....#.#
##........#.# #
##.#####.#.##
#.....#..##..
#...#X#.## #..
##..h*..# #..#
........XX# ##
#.##...##@# #
..............#
#
.##..#.#.##..#
# #.X.#.#. #..#
#... X . #5 #.#
.# .# ... X ..
.. .. ..


You could see a tentacled starspawn, a wretched star, 4 thrashing horrors, a
large abomination, a hell hound and an iron imp.

Vanquished Creatures
  A tentacled starspawn (Abyss:3)
  Maud (Lair:8)
  2 dire elephants (Lair:3)
  A great orb of eyes (Abyss:3)
  A catoblepas (Lair:8)
  5 hydras
  6 death yaks
  2 thrashing horrors (Abyss:3)
  2 fire crabs (Lair:8)
  Pikel (D:5)
  A lindwurm (Lair:8)
  2 manticores (Lair:8)
  A griffon (Lair:8)
  2 large abominations (Abyss:3)
  17 elephants
  A smoke demon (Abyss:3)
  5 black mambas
  An orange demon (Abyss:3)
  15 spiny frogs
  2 rime drakes
  A rime drake (shapeshifter) (D:10)
  An efreet (Abyss:3)
  6 komodo dragons
  Grinder (D:5)
  Prince Ribbit (D:7)
  A slime creature (Lair:6)
  23 blink frogs
  2 wyverns
  A ynoxinul (Abyss:3)
  31 yaks
  Grum (Lair:1)
  5 basilisks
  2 hungry ghosts (D:9)
  A steam dragon (Lair:2)
  14 hippogriffs
  Menkaure (D:4)
  18 water moccasins
  2 soldier ants (D:8)
  12 porcupines
  An ice beast (D:7)
  A swamp drake (D:10)
  2 orc warriors
  3 sky beasts
  A necrophage (D:9)
  A slave (D:6)
  5 wolves
  4 ogres
  2 centaurs
  27 crocodiles
  Blork the orc (D:6)
  11 giant frogs
  4 scorpions
  3 killer bees (D:9)
  4 howler monkeys
  3 electric eels (Lair:3)
  A crimson imp (D:9)
  A quasit (D:9)
  2 giant frog zombies
  4 hounds
  Crazy Yiuf (D:4)
  A centaur skeleton (D:8)
  A gnoll shaman (D:8)
  7 jellies
  5 orc priests
  7 orc wizards
  A giant frog skeleton (D:4)
  7 iguanas
  13 worker ants
  9 sheep (Lair:8)
  A hound zombie (D:4)
  5 gnolls (D:8)
  8 adders
  68 river rats
  18 oozes
  An adder skeleton (D:8)
  4 worms
  A dart slug (D:5)
  2 giant geckos (D:8)
  21 orcs
  13 giant cockroaches
  4 goblins
  7 hobgoblins
  5 jackals
  5 kobolds
  2 quokkas
  7 bats
  A giant gecko skeleton (D:5)
  3 giant newts
  11 rats
  13 fungi
  6 plants
532 creatures vanquished.

Vanquished Creatures (collateral kills)
  A komodo dragon (D:9)
  A hippogriff (D:9)
  An ice beast (D:9)
  A big kobold (D:7)
  A water moccasin zombie (D:9)
  A crimson imp (D:9)
  A centaur zombie (D:9)
  A hound (D:4)
  A giant frog skeleton (D:9)
  A worker ant (D:8)
  3 kobolds (D:7)
13 creatures vanquished.

Vanquished Creatures (others)
  A blink frog (Abyss:3)
  A giant frog (D:10)
  53 fungi
  31 plants
  6 toadstools (Lair:3)
92 creatures vanquished.

Grand Total: 637 creatures vanquished

Notes
Turn   | Place    | Note
--------------------------------------------------------------
     0 | D:1      | Hipnos the Deep Elf Wizard began the quest for the Orb.
     0 | D:1      | Reached XP level 1. HP: 10/10 MP: 7/7
   329 | D:1      | Reached skill level 5 in Spellcasting
   349 | D:1      | Reached XP level 2. HP: 15/15 MP: 0/10
   357 | D:1      | Learned a level 2 spell: Blink
   360 | D:1      | Learned a level 2 spell: Call Imp
  1065 | D:1      | Reached XP level 3. HP: 19/19 MP: 5/11
  2076 | D:2      | Found a stormy altar of Qazlal.
  2076 | D:2      | Found a radiant altar of Vehumet.
  2078 | D:2      | Found a blossoming altar of Fedhas.
  2080 | D:2      | Became a worshipper of Vehumet
  2181 | D:2      | Found a glowing golden altar of the Shining One.
  2289 | D:3      | Found a white marble altar of Elyvilon.
  2291 | D:3      | Reached XP level 4. HP: 16/24 MP: 8/13
  2389 | D:3      | Learned a level 3 spell: Conjure Flame
  2393 | D:3      | Learned a level 3 spell: Mephitic Cloud
  2834 | D:3      | Reached skill level 6 in Spellcasting
  3297 | D:4      | Reached XP level 5. HP: 18/28 MP: 5/15
  3571 | D:4      | Noticed an ogre
  3575 | D:4      | Killed an ogre
  3575 | D:4      | Reached * piety under Vehumet
  3575 | D:4      | Offered knowledge of Sting by Vehumet.
  3575 | D:4      | Reached skill level 7 in Spellcasting
  3575 | D:4      | Reached XP level 6. HP: 32/32 MP: 10/18
  3804 | D:4      | Reached skill level 5 in Conjurations
  4042 | D:4      | Found a shadowy altar of Dithmenos.
  4047 | D:4      | Noticed Menkaure
  4090 | D:4      | HP: 2/48 [Menkaure (5)]
  4091 | D:4      | Killed Menkaure
  4091 | D:4      | Reached XP level 7. HP: 3/36 MP: 0/20
  4454 | D:4      | Reached skill level 8 in Spellcasting
  4554 | D:4      | Noticed Crazy Yiuf
  4567 | D:4      | Killed Crazy Yiuf
  4670 | D:5      | Entered Level 5 of the Dungeon
  4670 | D:5      | Found a snail-covered altar of Cheibriados.
  4716 | D:5      | Noticed Grinder
  4734 | D:5      | HP: 1/36 [Grinder/nerve-wracking pain (10)]
  5052 | D:5      | Learned a level 1 spell: Sting
  5213 | D:5      | Found a basalt altar of Yredelemnul.
  5247 | D:5      | Paralysed by Grinder for 5 turns
  5263 | D:5      | Paralysed by Grinder for 4 turns
  5269 | D:5      | Killed Grinder
  5269 | D:5      | Reached skill level 9 in Spellcasting
  5269 | D:5      | Reached XP level 8. HP: 11/41 MP: 6/23
  5790 | D:6      | Noticed Pikel
  5833 | D:6      | Paralysed by Pikel for 4 turns
  5837 | D:6      | HP: 2/41 [slave[Pikel] (9)]
  6228 | D:5      | Paralysed by Pikel for 6 turns
  6250 | D:5      | Killed Pikel
  6250 | D:5      | Reached skill level 5 in Dodging
  6250 | D:5      | Reached skill level 10 in Spellcasting
  6334 | D:6      | Noticed Blork the orc
  6345 | D:6      | Killed Blork the orc
  6448 | D:7      | Noticed Prince Ribbit
  6905 | D:7      | Reached XP level 9. HP: 37/45 MP: 19/25
  6976 | D:7      | Killed Prince Ribbit
  6976 | D:7      | Reached skill level 11 in Spellcasting
  7136 | D:7      | Found a staircase to the Ecumenical Temple.
  7140 | D:7      | Offered knowledge of Searing Ray by Vehumet.
  7398 | D:7      | Found a bloodstained altar of Trog.
  7758 | D:7      | Reached ** piety under Vehumet
  7851 | D:8      | Gained mutation: You are agile. (Dex +2) [potion of beneficial mutation]
  7954 | D:8      | Found a shattered altar of Ashenzari.
  8837 | D:8      | Found a sparkling altar of Nemelex Xobeh.
  8837 | D:8      | Found an opulent altar of Gozag.
  8844 | D:8      | Reached skill level 10 in Conjurations
  8846 | D:8      | Reached skill level 12 in Spellcasting
  8863 | D:8      | Got a smoking chain mail
  9480 | D:8      | Offered knowledge of Ignite Poison by Vehumet.
 10056 | D:9      | Found a staircase to the Lair.
 10056 | D:9      | Noticed a komodo dragon
 10141 | D:9      | Killed a komodo dragon
 10141 | D:9      | Reached XP level 10. HP: 13/50 MP: 4/28
 10416 | D:9      | Reached *** piety under Vehumet
 10848 | D:9      | Identified the +3 chain mail "Exesek" {rPois Int-5 Dex+4} (You found it on level 8 of the Dungeon)
 10949 | D:9      | Reached skill level 13 in Spellcasting
 10963 | D:9      | Learned a level 5 spell: Bolt of Draining
 11057 | D:9      | Learned a level 2 spell: Sublimation of Blood
 11141 | D:9      | Found a deep blue altar of Sif Muna.
 11212 | D:9      | Offered knowledge of Olgreb's Toxic Radiance by Vehumet.
 11294 | D:10     | Entered Level 10 of the Dungeon
 12300 | Lair:1   | Entered Level 1 of the Lair of Beasts
 12683 | Lair:1   | Noticed Grum
 12740 | Lair:1   | Killed Grum
 12760 | Lair:1   | Reached skill level 14 in Spellcasting
 13087 | Lair:1   | Reached skill level 1 in Necromancy
 13282 | Lair:1   | Reached **** piety under Vehumet
 13503 | Lair:1   | Noticed a spiny frog
 13507 | Lair:1   | Killed a spiny frog
 13650 | Lair:1   | Found an ancient bone altar of Kikubaaqudgha.
 14090 | Lair:2   | Reached XP level 11. HP: 54/54 MP: 21/31
 14246 | Lair:2   | Offered knowledge of Bolt of Magma by Vehumet.
 14313 | Lair:2   | Learned a level 5 spell: Bolt of Magma
 15178 | Lair:3   | Reached skill level 15 in Spellcasting
 15610 | Lair:3   | Found a hole to the Spider Nest.
 16731 | Lair:3   | Noticed a dire elephant
 16731 | Lair:3   | Noticed a dire elephant
 16737 | Lair:3   | Killed a dire elephant
 16739 | Lair:3   | Killed a dire elephant
 16739 | Lair:3   | Reached XP level 12. HP: 24/59 MP: 7/33
 16848 | Lair:3   | Got a twisted glaive
 16850 | Lair:3   | Identified the cursed +0 glaive of Sulphur {freeze, +Blink MR+ Int+3} (You found it on level 3 of the Lair of Beasts)
 17034 | Lair:4   | Noticed a death yak
 17038 | Lair:4   | Reached skill level 16 in Spellcasting
 17039 | Lair:4   | Killed a death yak
 17141 | Lair:4   | Reached skill level 15 in Conjurations
 17357 | Lair:4   | Noticed a death yak
 17359 | Lair:4   | Noticed a death yak
 17359 | Lair:4   | Killed a death yak
 17640 | Lair:4   | Found a deep blue altar of Sif Muna.
 17969 | Lair:4   | Killed a death yak
 18264 | Lair:4   | Reached ***** piety under Vehumet
 18607 | Lair:5   | Offered knowledge of Freezing Cloud by Vehumet.
 18870 | Lair:5   | Learned a level 6 spell: Freezing Cloud
 19024 | Lair:5   | Found a staircase to the Swamp.
 19149 | Lair:5   | Reached skill level 17 in Spellcasting
 20075 | Lair:6   | Noticed an eight-headed hydra
 20082 | Lair:6   | Killed an eight-headed hydra
 20407 | Lair:6   | Got a pitted trident
 20445 | Lair:6   | Reached XP level 13. HP: 63/63 MP: 21/36
 21629 | Lair:7   | Found a viscous altar of Jiyva.
 21629 | Lair:7   | Found a staircase to the Slime Pits.
 21653 | Lair:7   | Offered knowledge of Poisonous Cloud by Vehumet.
 22322 | Lair:7   | Reached skill level 18 in Spellcasting
 22917 | Lair:8   | Entered Level 8 of the Lair of Beasts
 22942 | Lair:8   | Learned a level 6 spell: Poisonous Cloud
 23024 | Lair:8   | Noticed Maud
 23031 | Lair:8   | Killed Maud
 23320 | Lair:8   | Identified the +6 trident of a labyrinth {distort, rPois Dex-3 Stlth+} (You found it on level 6 of the Lair of Beasts)
 24254 | Lair:8   | Reached skill level 1 in Fighting
 24255 | Lair:8   | Offered knowledge of Iron Shot by Vehumet.
 24893 | Lair:8   | Reached skill level 19 in Spellcasting
 24893 | Lair:8   | Reached XP level 14. HP: 70/70 MP: 8/39
 25554 | Lair:8   | Got a creamy pearl robe
 25565 | Lair:8   | Identified the cursed +0 robe of the Solstice {Str+3} (You found it on level 8 of the Lair of Beasts)
 25572 | Lair:8   | Identified a +2 rod of shadows (11/11) (You found it on level 8 of the Lair of Beasts)
 25572 | Lair:8   | Cast into level 3 of the Abyss (a distortion unwield)
 25831 | Abyss:3  | Noticed a cacodemon
 25851 | Abyss:3  | Found a corrupted altar of Lugonu.
 26050 | Abyss:3  | Noticed a tentacled starspawn
 26054 | Abyss:3  | Killed a tentacled starspawn
 26130 | Abyss:3  | Noticed a tentacled starspawn
 26132 | Abyss:3  | Slain by a thrashing horror

Skill      XL: |  1  2  3  4  5  6  7  8  9 10 11 12 13 14 |
---------------+-------------------------------------------+-----
Spellcasting   | 5 6 7 9 10 12 14 15 17 19 | 19.5
Conjurations   | 2 3 4 5 7 8 11 12 14 16 18 | 18.8
Dodging        | 3 4 5 6 7 8 |  8.2
Necromancy     | 1 |  1.0
Fighting       | 1 2 |  2.7
Stealth        | |  2.4
Summonings     | |  1.1
Translocations | |  1.1
Ice Magic      | |  0.4

Action                   |  1- 3 |  4- 6 |  7- 9 | 10-12 | 13-15 || total
-------------------------+-------+-------+-------+-------+-------++-------
Melee: Unarmed           |     2 |       |       |       |       ||     2
       Spear             |       |     3 |       |       |       ||     3
       Quarterstaff      |       |       |    26 |       |       ||    26
       Whip              |       |       |    14 |    26 |       ||    40
       Trident           |       |       |     7 |    22 |    20 ||    49
       Glaive            |       |       |       |     9 |     9 ||    18
 Cast: Magic Dart        |   108 |   138 |   269 |    99 |     5 ||   619
       Call Imp          |       |     2 |    13 |     8 |       ||    23
       Mephitic Cloud    |       |     1 |    28 |    32 |     9 ||    70
       Conjure Flame     |       |     1 |     5 |     7 |     3 ||    16
       Blink             |       |       |    15 |     8 |     9 ||    32
       Sting             |       |       |   101 |   328 |    33 ||   462
       Bolt of Draining  |       |       |       |   181 |   162 ||   343
       Bolt of Magma     |       |       |       |     2 |    17 ||    19
       Freezing Cloud    |       |       |       |    10 |    44 ||    54
       Poisonous Cloud   |       |       |       |       |     5 ||     5
  Use: Potion            |       |    10 |     5 |     1 |     4 ||    20
       Scroll            |       |     5 |     9 |    11 |    10 ||    35
 Stab: Sleeping          |     2 |       |       |       |     1 ||     3
       Confused          |       |       |     2 |       |       ||     2
  Eat: Chunk             |     4 |     5 |    18 |    28 |    15 ||    70
       Beef jerky        |       |       |     1 |       |       ||     1
       Meat ration       |       |       |       |     1 |       ||     1
       Pizza             |       |       |       |       |     1 ||     1
Armor: Robe              |     4 |     4 |    16 |    49 |    18 ||    91
       Skin              |       |     1 |     6 |       |       ||     7
Dodge: Dodged            |    17 |    39 |    77 |   198 |    57 ||   388
